[Event "Kupreichik Memorial Open 2018"]
[Site "Minsk"]
[Date "2018.06.22"]
[Round "6"]
[White "Sadovnikov, Konstantin"]
[Black "Rakhmangulova, Anastasiya"]
[Result "1-0"]
[ECO "B23"]
[WhiteElo "1908"]
[BlackElo "2244"]
[Annotator "NA"]
[PlyCount "97"]
[EventDate "2018.06.21"]
[EventCountry "BLR"]
[SourceTitle "playchess.com"]
[Source "ChessBase"]
[SourceQuality "1"]
[TimeControl "900+10"]

1. e4 c5 2. Nc3 a6 3. g3 b5 4. Bg2 Bb7 5. d3 e6 6. f4 d5 7. e5 h5 8. h3 Nc6 9. Nf3 Nh6 10. O-O Nf5 11. Kh2 Be7 12. Ne2 d4 13. a3 Qc7 14. Qe1 O-O-O 15. Bd2 f6 16. Nc1 Rde8 17. Nb3 fxe5 18. Nxe5 Nxe5 19. Qxe5 Qxe5 20. fxe5 Bxg2 21. Kxg2 Rd8 22. a4 b4 23. Na5 Kc7 24. Nc4 g5 25. Rae1 Rdg8 26. b3 g4 27. h4 Bxh4 28. gxh4 Nxh4+ 29. Kg3 Nf5+ 30. Rxf5 exf5 31. Bf4 h4+ 32. Kg2 g3 33. e6+ Kc6 34. Kh3 Re8 35. Nd6 Reg8 36. e7 Kd7 37. e8=Q+ Rxe8 38. Rxe8 Rxe8 39. Nxe8 Kxe8 40. Kxh4 g2 41. Bh2 Kd7 42. Kg5 Ke6 43. Kf4 Kf6 44. Kf3 Ke6 45. Kxg2 Kd5 46. Kf3 Ke6 47. Bc7 Kd7 48. Bb8 Ke6 49. Kf4 1-0

[Event "Kupreichik Memorial Open 2018"]
[Site "Minsk"]
[Date "2018.06.22"]
[Round "6"]
[White "Kirilin, Dmitrij"]
[Black "Terletsky, Oleg"]
[Result "1-0"]
[ECO "A48"]
[WhiteElo "1898"]
[BlackElo "2268"]
[Annotator "NA"]
[PlyCount "57"]
[EventDate "2018.06.21"]
[EventCountry "BLR"]
[SourceTitle "playchess.com"]
[Source "ChessBase"]
[SourceQuality "1"]
[TimeControl "900+10"]

1. d4 Nf6 2. Nf3 g6 3. c4 Bg7 4. Nc3 O-O 5. Bg5 h6 6. Bh4 c5 7. d5 b5 8. cxb5 Qa5 9. Qd2 a6 10. e3 axb5 11. Bxb5 g5 12. Bg3 Ne4 13. Nxe4 Qxb5 14. Nc3 Bxc3 15. bxc3 Ba6 16. h4 g4 17. Ne5 d6 18. c4 Qa4 19. Nxg4 f5 20. Nxh6+ Kg7 21. Bf4 Qxc4 22. f3 Bb7 23. Qb2+ Rf6 24. Qxb7 Qc3+ 25. Kf2 Qd2+ 26. Kg3 Rg6+ 27. Bg5 Kh8 28. Qxa8 Rg8 29. Nxg8 1-0

[Event "Kupreichik Memorial Open 2018"]
[Site "Minsk"]
[Date "2018.06.22"]
[Round "6"]
[White "Tyurin, Artem"]
[Black "Yagutian, Mariya"]
[Result "1-0"]
[ECO "C07"]
[WhiteElo "1855"]
[BlackElo "1506"]
[Annotator "NA"]
[PlyCount "61"]
[EventDate "2018.06.21"]
[EventCountry "BLR"]
[SourceTitle "playchess.com"]
[Source "ChessBase"]
[SourceQuality "1"]
[TimeControl "900+10"]

1. e4 e6 2. d4 d5 3. Nd2 c5 4. Ngf3 cxd4 5. Nxd4 Nc6 6. c3 Nf6 7. exd5 Nxd4 8. cxd4 Nxd5 9. Bd3 Nf4 10. Bb5+ Bd7 11. Bxd7+ Qxd7 12. Qf3 Qxd4 13. O-O Nd5 14. Ne4 Be7 15. Be3 Qe5 16. Rfd1 O-O 17. Bd4 Qf4 18. Qe2 a6 19. g3 Qh6 20. f4 Rac8 21. Rac1 Qg6 22. Be5 f6 23. Bd6 Bxd6 24. Nxd6 Nxf4 25. Qe3 Rxc1 26. Rxc1 e5 27. Qb3+ Kh8 28. Nf7+ Qxf7 29. Qxf7 Ne2+ 30. Kf2 Rd8 31. Kxe2 1-0

[Event "Kupreichik Memorial Open 2018"]
[Site "Minsk"]
[Date "2018.06.22"]
[Round "6"]
[White "Polovkov, Valery"]
[Black "Tarasenka, Aliaksandra"]
[Result "0-1"]
[ECO "A00"]
[WhiteElo "1830"]
[BlackElo "1682"]
[Annotator "NA"]
[PlyCount "74"]
[EventDate "2018.06.21"]
[EventCountry "BLR"]
[SourceTitle "playchess.com"]
[Source "ChessBase"]
[SourceQuality "1"]
[TimeControl "900+10"]

1. g3 f5 2. Bg2 Nf6 3. d3 d6 4. b3 Nc6 5. Bb2 e5 6. Nd2 Be7 7. e3 O-O 8. Ne2 Be6 9. h3 Qd7 10. f4 Nd5 11. Nf1 exf4 12. exf4 Rae8 13. Qd2 a5 14. a3 Bf6 15. d4 Bf7 16. O-O-O a4 17. b4 Nb6 18. Ne3 Qe7 19. Nxf5 Qxe2 20. Bf1 Qxd2+ 21. Kxd2 Bg6 22. Ne3 Nxd4 23. Bxd4 Bxd4 24. Nc4 Nxc4+ 25. Bxc4+ Bf7 26. Bxf7+ Rxf7 27. Kd3 Bf2 28. Rhf1 Bxg3 29. f5 Bh4 30. Rf4 Bf6 31. c3 Rfe7 32. Rf3 Bg5 33. Rg1 Re3+ 34. Rxe3 Rxe3+ 35. Kd4 Bh6 36. h4 Rf3 37. Kd5 Kf7 0-1

[Event "Kupreichik Memorial Open 2018"]
[Site "Minsk"]
[Date "2018.06.22"]
[Round "6"]
[White "Masjuk, Vladimir"]
[Black "Sukalina, Alina"]
[Result "1-0"]
[ECO "C88"]
[WhiteElo "1829"]
[BlackElo "1673"]
[Annotator "NA"]
[PlyCount "119"]
[EventDate "2018.06.21"]
[EventCountry "BLR"]
[SourceTitle "playchess.com"]
[Source "ChessBase"]
[SourceQuality "1"]
[TimeControl "900+10"]

1. e4 e5 2. Nf3 Nc6 3. Bb5 a6 4. Ba4 Nf6 5. O-O Be7 6. Re1 b5 7. Bb3 d6 8. c3 Na5 9. Bc2 c5 10. h3 O-O 11. d3 Re8 12. Nbd2 Bf8 13. Nf1 g6 14. Bg5 h6 15. Be3 Bg7 16. Ng3 Bb7 17. Rc1 Rc8 18. b4 cxb4 19. cxb4 Nc6 20. Bb3 Nxb4 21. Qd2 a5 22. Bxh6 Nc6 23. Qg5 Nh7 24. Qxg6 Qf6 25. Qxg7+ Qxg7 26. Bxg7 Kxg7 27. Nf5+ Kf6 28. Nxd6 a4 29. Nxe8+ Rxe8 30. Bd5 Na5 31. Bxb7 Nxb7 32. Rc6+ Kg7 33. Rb6 Nc5 34. Rxb5 Nxd3 35. Re3 Nc1 36. Nxe5 Nxa2 37. f4 Re7 38. Ra3 Nc1 39. Kf2 Nf6 40. Kf3 Nb3 41. Rxa4 Nd2+ 42. Ke3 Nf1+ 43. Kf2 Nd2 44. Rbb4 Nd7 45. Nxd7 Rxd7 46. Rd4 Rxd4 47. Rxd4 Nb3 48. Rd5 Kf6 49. h4 Na1 50. Rd6+ Kg7 51. Rc6 Nb3 52. Ke3 Na5 53. Rc7 Kg6 54. g4 Nb3 55. h5+ Kg7 56. g5 Na5 57. g6 Kf8 58. Rxf7+ Kg8 59. Rc7 Nb3 60. h6 1-0

[Event "Kupreichik Memorial Open 2018"]
[Site "Minsk"]
[Date "2018.06.22"]
[Round "6"]
[White "Rybakova, Polina"]
[Black "Ustiugov, Boris"]
[Result "1-0"]
[ECO "B46"]
[WhiteElo "1826"]
[BlackElo "1614"]
[Annotator "NA"]
[PlyCount "58"]
[EventDate "2018.06.21"]
[EventCountry "BLR"]
[SourceTitle "playchess.com"]
[Source "ChessBase"]
[SourceQuality "1"]
[TimeControl "900+10"]

1. e4 c5 2. Nf3 e6 3. d4 cxd4 4. Nxd4 a6 5. Nc3 Nc6 6. Be2 Bc5 7. Nb3 Ba7 8. O-O Nf6 9. Bg5 Qc7 10. Kh1 d6 11. Qd2 O-O 12. Bxf6 gxf6 13. Rad1 Rd8 14. Qh6 Qe7 15. Rd3 Ne5 16. Rh3 Ng6 17. Qxh7+ Kf8 18. Bh5 Ke8 19. Bxg6 Kd7 20. Qxf7 Qxf7 21. Bxf7 Rf8 22. Rh7 Kc6 23. Ne2 e5 24. Bd5+ Kb6 25. a4 Rb8 26. Nc3 a5 27. Nb5 Rd8 28. Nd2 Ka6 29. Rf7 Bc5 {time} 1-0

[Event "Kupreichik Memorial Open 2018"]
[Site "Minsk"]
[Date "2018.06.22"]
[Round "6"]
[White "Girshgorn, Maria"]
[Black "Kashtelyan, Valentin"]
[Result "1-0"]
[ECO "D02"]
[WhiteElo "1805"]
[BlackElo "1604"]
[Annotator "NA"]
[PlyCount "81"]
[EventDate "2018.06.21"]
[EventCountry "BLR"]
[SourceTitle "playchess.com"]
[Source "ChessBase"]
[SourceQuality "1"]
[TimeControl "900+10"]

1. d4 d5 2. Nf3 e6 3. g3 g6 4. Bg2 Bg7 5. O-O Nf6 6. c4 c6 7. Nc3 O-O 8. Bf4 Nh5 9. Bg5 Nf6 10. e4 dxe4 11. Nxe4 Nbd7 12. Nd6 h6 13. Bf4 Ne8 14. Nxe8 Rxe8 15. Qd2 Kh7 16. d5 cxd5 17. cxd5 exd5 18. Qxd5 Nf6 19. Qxf7 Qa5 20. Rac1 Be6 21. Qxb7 Bd5 22. Qc7 Qxa2 23. Be5 Rac8 24. Qxc8 Rxc8 25. Rxc8 Qb3 26. Rb8 Qd3 27. Ne1 Qc4 28. b3 Qc6 29. Bxf6 Bxf6 30. Bxd5 Qxd5 31. Ng2 g5 32. Ne3 Qc6 33. Rd1 Be5 34. Rbd8 Bc7 35. R8d7+ Kg6 36. Nc4 Kf5 37. R1d5+ Kg4 38. Kg2 Kh5 39. f3 a5 40. Kh3 a4 41. Rg7 {[%emt 0:00:26] time} 1-0

[Event "Kupreichik Memorial Open 2018"]
[Site "Minsk"]
[Date "2018.06.22"]
[Round "6"]
[White "Tkachou, Viktar"]
[Black "Kalugin, Sergey G"]
[Result "1/2-1/2"]
[ECO "A05"]
[WhiteElo "1791"]
[BlackElo "2334"]
[Annotator "NA"]
[PlyCount "88"]
[EventDate "2018.06.21"]
[EventCountry "BLR"]
[SourceTitle "playchess.com"]
[Source "ChessBase"]
[SourceQuality "1"]
[TimeControl "900+10"]

1. Nf3 Nf6 2. c4 d6 3. d4 g6 4. b3 Bg7 5. Bb2 a5 6. a3 Nbd7 7. e3 O-O 8. Be2 c6 9. O-O Qc7 10. Nbd2 Re8 11. Qc2 b6 12. b4 c5 13. b5 cxd4 14. Nxd4 Bb7 15. Bf3 Bxf3 16. N2xf3 Rac8 17. Rac1 Nb8 18. Rfd1 Qb7 19. Qb1 Rc7 20. Rc2 Rec8 21. Rdc1 Nfd7 22. Nb3 a4 23. Nbd2 Bh6 24. Ba1 Nc5 25. Ne1 Nbd7 26. Qb4 Bg7 27. Bxg7 Kxg7 28. Rc3 Nf6 29. Nef3 e5 30. Qb1 Re8 31. h3 Qc8 32. Ng5 e4 33. f3 exf3 34. Ngxf3 Rce7 35. Re1 Nfe4 36. Nxe4 Rxe4 37. Nd4 Qd8 38. Nc6 Qf6 39. Qc2 Qe6 40. Qd2 Kg8 41. Nb4 Re5 42. Qd4 Re4 43. Qd2 Re5 44. Qd4 Re4 1/2-1/2

[Event "Kupreichik Memorial Open 2018"]
[Site "Minsk"]
[Date "2018.06.22"]
[Round "6"]
[White "Kolosovskaya, Olga"]
[Black "Boiko, Aleksei"]
[Result "1-0"]
[ECO "D45"]
[WhiteElo "1747"]
[BlackElo "1526"]
[Annotator "NA"]
[PlyCount "87"]
[EventDate "2018.06.21"]
[EventCountry "BLR"]
[SourceTitle "playchess.com"]
[Source "ChessBase"]
[SourceQuality "1"]
[TimeControl "900+10"]

1. d4 d5 2. c4 c6 3. Nf3 Nf6 4. e3 e6 5. Nc3 Bd6 6. Ne5 Nbd7 7. f4 O-O 8. Be2 Ne4 9. Nxe4 dxe4 10. Nxd7 Bxd7 11. Qc2 Bb4+ 12. Bd2 Qa5 13. a3 Bxd2+ 14. Qxd2 Qxd2+ 15. Kxd2 c5 16. dxc5 Rfd8 17. Kc3 Kf8 18. Rhd1 Be8 19. Rxd8 Rxd8 20. Rd1 Rc8 21. b4 Ke7 22. Rd4 f5 23. Kb3 a5 24. Rd6 axb4 25. axb4 Ra8 26. Kb2 Rc8 27. Rd1 Rc7 28. Ra1 g6 29. Kc3 e5 30. g3 Kd8 31. Rd1+ Ke7 32. Rd5 exf4 33. gxf4 h6 34. b5 Rd7 35. Rxd7+ Bxd7 36. Kd4 Ke6 37. h4 Be8 38. Bd1 Bd7 39. Bb3 Be8 40. c6 bxc6 41. c5+ Kd7 42. b6 Kc8 43. Ke5 Bd7 44. Bf7 1-0

[Event "Kupreichik Memorial Open 2018"]
[Site "Minsk"]
[Date "2018.06.22"]
[Round "6"]
[White "Korniichuk, Oleksandra"]
[Black "Katashuk, Uladzislau"]
[Result "0-1"]
[ECO "B33"]
[WhiteElo "1740"]
[BlackElo "2149"]
[Annotator "NA"]
[PlyCount "92"]
[EventDate "2018.06.21"]
[EventCountry "BLR"]
[SourceTitle "playchess.com"]
[Source "ChessBase"]
[SourceQuality "1"]
[TimeControl "900+10"]

1. e4 c5 2. Nf3 Nc6 3. d4 cxd4 4. Nxd4 Nf6 5. Nc3 e6 6. Be2 Bb4 7. O-O Bxc3 8. bxc3 Nxe4 9. Qd3 d5 10. Ba3 Nxd4 11. cxd4 Nd6 12. Qg3 Nf5 13. Qc3 f6 14. Rfe1 Kf7 15. Bg4 Nd6 16. Qc5 Ne4 17. Qb4 a5 18. Qb3 f5 19. Bf3 a4 20. Qb5 Nd6 21. Qc5 Nc4 22. Bc1 Qa5 23. Qxa5 Rxa5 24. Bf4 Bd7 25. Reb1 b5 26. Rb4 Kf6 27. c3 g5 28. Bc1 Rc8 29. Be2 Nd6 30. Bd2 Ne4 31. Be1 Nxc3 32. Bxc3 Rxc3 33. Bf1 a3 34. g3 Rc2 35. Rab1 Rxa2 36. Bxb5 Rxb5 37. Rxb5 Bxb5 38. Rxb5 Rb2 39. Ra5 a2 40. Kg2 g4 41. Ra6 h5 42. Ra4 Kg5 43. Ra3 f4 44. gxf4+ Kxf4 45. Ra4 h4 46. Ra3 h3+ 0-1

[Event "Kupreichik Memorial Open 2018"]
[Site "Minsk"]
[Date "2018.06.22"]
[Round "6"]
[White "Bezenson, Anton"]
[Black "Kaliadzich, Maryia"]
[Result "0-1"]
[ECO "A06"]
[WhiteElo "1732"]
[BlackElo "2058"]
[Annotator "NA"]
[PlyCount "66"]
[EventDate "2018.06.21"]
[EventCountry "BLR"]
[SourceTitle "playchess.com"]
[Source "ChessBase"]
[SourceQuality "1"]
[TimeControl "900+10"]

1. Nf3 d5 2. g3 Nf6 3. Bg2 Bf5 4. O-O e6 5. d3 h6 6. Nbd2 Be7 7. Qe1 O-O 8. e4 Bh7 9. Qe2 c5 10. e5 Nfd7 11. a4 Nc6 12. Re1 Nb4 13. Nf1 c4 14. Rd1 Rc8 15. Ne3 cxd3 16. cxd3 Nc5 17. Bd2 Bxd3 18. Qe1 Nc2 19. Nxc2 Bxc2 20. Nd4 Bxd1 21. Qxd1 Ne4 22. Be3 a6 23. Qg4 Kh8 24. Bxe4 dxe4 25. Rd1 Qa5 26. b3 Qxe5 27. Bf4 Qf6 28. Qh5 Rc5 29. Qe2 e5 30. b4 Rcc8 31. Qxe4 exf4 32. Qxb7 fxg3 33. hxg3 Rcd8 0-1

[Event "Kupreichik Memorial Open 2018"]
[Site "Minsk"]
[Date "2018.06.22"]
[Round "6"]
[White "Yurau, Maksim"]
[Black "Kuznetsov, Mikhail V"]
[Result "0-1"]
[ECO "B29"]
[WhiteElo "1694"]
[BlackElo "2162"]
[Annotator "NA"]
[PlyCount "82"]
[EventDate "2018.06.21"]
[EventCountry "BLR"]
[SourceTitle "playchess.com"]
[Source "ChessBase"]
[SourceQuality "1"]
[TimeControl "900+10"]

1. e4 c5 2. Nf3 Nf6 3. Nc3 d5 4. exd5 Nxd5 5. Bb5+ Bd7 6. Bxd7+ Qxd7 7. Nxd5 Qxd5 8. d4 e6 9. O-O Nc6 10. Be3 c4 11. c3 Bd6 12. Qe2 O-O 13. Rad1 b5 14. a3 a5 15. Nd2 Rfb8 16. Qf3 b4 17. axb4 axb4 18. Ne4 Be7 19. Ra1 bxc3 20. bxc3 Na5 21. Nd2 Nb3 22. Rxa8 Rxa8 23. Qxd5 exd5 24. Rb1 Ra2 25. Nxb3 cxb3 26. Kf1 b2 27. Ke2 Ba3 28. Kd2 Ra1 29. Kc2 Kf8 30. g4 Ke8 31. Bf4 Kd7 32. Be3 Kc6 33. f4 Kb5 34. Bd2 Kc4 35. Be1 g6 36. h4 f5 37. gxf5 gxf5 38. h5 Rxb1 39. Kxb1 Kd3 40. h6 Ke2 41. Bh4 Kd2 0-1

[Event "Kupreichik Memorial Open 2018"]
[Site "Minsk"]
[Date "2018.06.22"]
[Round "6"]
[White "Selitski, Aleksandr"]
[Black "Artsiomau, Stanislau"]
[Result "0-1"]
[ECO "A65"]
[WhiteElo "1678"]
[BlackElo "1954"]
[Annotator "NA"]
[PlyCount "64"]
[EventDate "2018.06.21"]
[EventCountry "BLR"]
[SourceTitle "playchess.com"]
[Source "ChessBase"]
[SourceQuality "1"]
[TimeControl "900+10"]

1. d4 Nf6 2. c4 c5 3. d5 e6 4. Nc3 exd5 5. cxd5 d6 6. e4 g6 7. Bd3 Bg7 8. h3 O-O 9. Nf3 b5 10. Bxb5 Nxe4 11. Nxe4 Qa5+ 12. Nfd2 Qxb5 13. Nxd6 Qa6 14. N2c4 Nd7 15. O-O Ne5 16. Nxe5 Qxd6 17. Nc4 Qa6 18. Ne3 Rb8 19. Qc2 Bd4 20. Rd1 Bd7 21. a4 Rb4 22. a5 Rfb8 23. Ra2 Qf6 24. a6 Qh4 25. Qe2 f5 26. Qf3 Rb3 27. d6 Kg7 28. Ra3 f4 29. Nf5+ Bxf5 30. Rxb3 Rxb3 31. Qxb3 Qxf2+ 32. Kh1 Be4 0-1

[Event "Kupreichik Memorial Open 2018"]
[Site "Minsk"]
[Date "2018.06.22"]
[Round "6"]
[White "Stsepkina, Yauheniya"]
[Black "Gavrjuchenkova, Angelina"]
[Result "1-0"]
[ECO "D09"]
[WhiteElo "1591"]
[BlackElo "1900"]
[Annotator "NA"]
[PlyCount "51"]
[EventDate "2018.06.21"]
[EventCountry "BLR"]
[SourceTitle "playchess.com"]
[Source "ChessBase"]
[SourceQuality "1"]
[TimeControl "900+10"]

1. d4 d5 2. c4 e5 3. dxe5 d4 4. Nf3 Nc6 5. g3 Bg4 6. Bg2 Qd7 7. O-O O-O-O 8. Nbd2 h5 9. a3 Be7 10. b4 f6 11. exf6 Bxf6 12. Bb2 d3 13. Bxf6 dxe2 14. Qxe2 Nxf6 15. Nb3 Rhe8 16. Qb2 Qd3 17. Nc5 Qxc4 18. Rac1 Qb5 19. h3 Re2 20. a4 Rxb2 21. axb5 Bxf3 22. Bxf3 Nxb4 23. Bxb7+ Kb8 24. Bf3 Nd3 25. Na6+ Kc8 26. Rxc7# 1-0

[Event "Kupreichik Memorial Open 2018"]
[Site "Minsk"]
[Date "2018.06.22"]
[Round "6"]
[White "Korniichuk, Fedir"]
[Black "Arlou, Valery"]
[Result "1-0"]
[ECO "D30"]
[WhiteElo "1568"]
[BlackElo "1743"]
[Annotator "NA"]
[PlyCount "111"]
[EventDate "2018.06.21"]
[EventCountry "BLR"]
[SourceTitle "playchess.com"]
[Source "ChessBase"]
[SourceQuality "1"]
[TimeControl "900+10"]

1. d4 d5 2. c4 e6 3. e3 Bb4+ 4. Nc3 Nc6 5. Nf3 Nf6 6. Bd3 dxc4 7. Bxc4 Ne4 8. Qc2 Nf6 9. O-O O-O 10. a3 Be7 11. b4 b6 12. Bb2 Bb7 13. Rfd1 Nb8 14. Rd2 Bxf3 15. gxf3 c6 16. Rad1 Nbd7 17. Ne4 Rc8 18. Qb1 Qc7 19. Be2 Qb7 20. Rc1 Rfd8 21. Nxf6+ Nxf6 22. Rdc2 Rd5 23. f4 Rd7 24. Bf3 Rdc7 25. b5 Nd5 26. bxc6 Rxc6 27. Rxc6 Rxc6 28. Qd3 Rxc1+ 29. Bxc1 Qc7 30. Bb2 Bd6 31. Qb5 Kf8 32. Bxd5 exd5 33. Qxd5 a5 34. a4 Be7 35. Qa8+ Qd8 36. Qxd8+ Bxd8 37. Kf1 f5 38. Ke2 Kf7 39. f3 Bc7 40. Bc1 Ke6 41. Kd3 Kd6 42. e4 fxe4+ 43. fxe4 Kc6 44. Kc4 h5 45. d5+ Kd7 46. e5 h4 47. h3 g6 48. d6 Bd8 49. Kd5 b5 50. e6+ Ke8 51. axb5 a4 52. Ba3 Ba5 53. d7+ Kd8 54. Kd6 Bc7+ 55. Kc6 Bxf4 56. e7# {[%emt 0:00:02] Ke8} 1-0

[Event "Kupreichik Memorial Open 2018"]
[Site "Minsk"]
[Date "2018.06.22"]
[Round "6"]
[White "Drobyshevsky, Vasily"]
[Black "Svjatocho, Andrej"]
[Result "0-1"]
[ECO "A25"]
[WhiteElo "1551"]
[BlackElo "1979"]
[Annotator "NA"]
[PlyCount "62"]
[EventDate "2018.06.21"]
[EventCountry "BLR"]
[SourceTitle "playchess.com"]
[Source "ChessBase"]
[SourceQuality "1"]
[TimeControl "900+10"]

1. c4 e5 2. Nc3 Nc6 3. e3 f5 4. d4 e4 5. d5 Ne5 6. f4 exf3 7. Nxf3 d6 8. Be2 Nf6 9. Bd2 g6 10. h3 Bg7 11. O-O O-O 12. Nd4 Qe7 13. Qb3 Kh8 14. Qc2 Nf7 15. Nf3 Bd7 16. Bd3 Rae8 17. Rae1 Ne5 18. Nxe5 dxe5 19. e4 f4 20. a3 Nh5 21. Ne2 f3 22. gxf3 Bxh3 23. Rf2 Rf7 24. f4 exf4 25. Nxf4 Nxf4 26. Bxf4 Rxf4 27. Rxf4 Qg5+ 28. Kh1 Qxf4 29. Qe2 Bg4 30. Qe3 Bf3+ 31. Kg1 Qg3+ {[%emt 0:00:03] Kh2} 0-1

[Event "Kupreichik Memorial Open 2018"]
[Site "Minsk"]
[Date "2018.06.22"]
[Round "6"]
[White "Tkachou, Pavel"]
[Black "Runets, Ivan"]
[Result "0-1"]
[ECO "A46"]
[WhiteElo "1535"]
[BlackElo "2027"]
[Annotator "NA"]
[PlyCount "50"]
[EventDate "2018.06.21"]
[EventCountry "BLR"]
[SourceTitle "playchess.com"]
[Source "ChessBase"]
[SourceQuality "1"]
[TimeControl "900+10"]

1. d4 Nf6 2. Nf3 e6 3. b3 b6 4. Bb2 Bb7 5. g3 Be7 6. Bg2 O-O 7. O-O c5 8. c4 cxd4 9. Nxd4 Bxg2 10. Kxg2 Nc6 11. Nxc6 dxc6 12. Nc3 Qc7 13. Qc2 Rad8 14. Rad1 Rxd1 15. Rxd1 Rd8 16. Rxd8+ Qxd8 17. Qd3 Nd7 18. Ne4 f5 19. Qd4 e5 20. Qd3 fxe4 21. Qxe4 Qc7 22. f4 Bf6 23. g4 exf4 24. Qe8+ Nf8 25. Ba3 c5 0-1

[Event "Kupreichik Memorial Open 2018"]
[Site "Minsk"]
[Date "2018.06.22"]
[Round "7"]
[White "Nikitenko, Mihail"]
[Black "Sadovnikov, Konstantin"]
[Result "1-0"]
[ECO "B33"]
[WhiteElo "2401"]
[BlackElo "1908"]
[Annotator "NA"]
[PlyCount "67"]
[EventDate "2018.06.21"]
[EventCountry "BLR"]
[SourceTitle "playchess.com"]
[Source "ChessBase"]
[SourceQuality "1"]
[TimeControl "900+10"]

1. e4 c5 2. Nf3 Nc6 3. Nc3 Nf6 4. d4 cxd4 5. Nxd4 e5 6. Ndb5 d6 7. Bg5 a6 8. Na3 b5 9. Nd5 Be7 10. Bxf6 Bxf6 11. c4 b4 12. Nc2 O-O 13. g3 Rb8 14. h4 a5 15. Bh3 Be6 16. Qd3 Bxh3 17. Rxh3 Qd7 18. Nxf6+ gxf6 19. g4 Kh8 20. f3 Rg8 21. O-O-O Rbd8 22. h5 a4 23. b3 axb3 24. axb3 Qa7 25. Kb2 Qf2 26. Qd2 Qa7 27. Ra1 Qb6 28. Qh6 Rg7 29. Qxf6 Kg8 30. Rh2 Nd4 31. Ra6 Qc7 32. Nxd4 exd4 33. Rd2 Re8 34. Qxd6 1-0

[Event "Kupreichik Memorial Open 2018"]
[Site "Minsk"]
[Date "2018.06.22"]
[Round "7"]
[White "Meshkov, Yuri A"]
[Black "Kirilin, Dmitrij"]
[Result "1-0"]
[ECO "B52"]
[WhiteElo "2375"]
[BlackElo "1898"]
[Annotator "NA"]
[PlyCount "55"]
[EventDate "2018.06.21"]
[EventCountry "BLR"]
[SourceTitle "playchess.com"]
[Source "ChessBase"]
[SourceQuality "1"]
[TimeControl "900+10"]

1. e4 c5 2. Nf3 d6 3. Bb5+ Bd7 4. a4 Nc6 5. O-O Nf6 6. Re1 a6 7. Bc4 e6 8. h3 Qc7 9. b3 Be7 10. Bb2 e5 11. c3 O-O 12. d4 cxd4 13. cxd4 Rae8 14. Nc3 Bd8 15. Rc1 Qb8 16. dxe5 dxe5 17. Nd5 Bc8 18. Ba3 Be7 19. Nxe7+ Nxe7 20. Bd6 Qa7 21. Nxe5 Rd8 22. Nxf7 Rxf7 23. Bxf7+ Kxf7 24. e5 Nfd5 25. e6+ Ke8 26. Qh5+ g6 27. Qxh7 Rxd6 28. Qh8+ 1-0

[Event "Kupreichik Memorial Open 2018"]
[Site "Minsk"]
[Date "2018.06.22"]
[Round "7"]
[White "Zhukova, Natalia"]
[Black "Savolainen, Lev P"]
[Result "1-0"]
[ECO "D35"]
[WhiteElo "2356"]
[BlackElo "2163"]
[Annotator "NA"]
[PlyCount "64"]
[EventDate "2018.06.21"]
[EventCountry "BLR"]
[SourceTitle "playchess.com"]
[Source "ChessBase"]
[SourceQuality "1"]
[TimeControl "900+10"]

1. c4 e6 2. Nc3 d5 3. d4 Nf6 4. cxd5 exd5 5. Bg5 Nbd7 6. e3 Be7 7. Bd3 a6 8. Nge2 c5 9. O-O c4 10. Bf5 b5 11. Nf4 Bb7 12. Qf3 O-O 13. Bxd7 Qxd7 14. Bxf6 Bxf6 15. Ncxd5 Bd8 16. e4 g5 17. Qg3 Kh8 18. Ne2 Bxd5 19. exd5 Qxd5 20. Rad1 Bf6 21. Nc3 Qf5 22. d5 Rad8 23. Rfe1 Rfe8 24. Rxe8+ Rxe8 25. d6 Rd8 26. Qf3 Qxf3 27. gxf3 Be5 28. Ne4 Bxb2 29. Nc5 c3 30. Nb7 c2 31. Re1 Rd7 32. Re8+ Kg7 1-0

[Event "Kupreichik Memorial Open 2018"]
[Site "Minsk"]
[Date "2018.06.22"]
[Round "7"]
[White "Kalugin, Sergey G"]
[Black "Rybakova, Polina"]
[Result "1-0"]
[ECO "B01"]
[WhiteElo "2334"]
[BlackElo "1826"]
[Annotator "NA"]
[PlyCount "55"]
[EventDate "2018.06.21"]
[EventCountry "BLR"]
[SourceTitle "playchess.com"]
[Source "ChessBase"]
[SourceQuality "1"]
[TimeControl "900+10"]

1. e4 d5 2. exd5 Qxd5 3. Nf3 Bg4 4. Be2 Nc6 5. O-O O-O-O 6. Nc3 Qd7 7. b4 Bxf3 8. Bxf3 Nd4 9. Rb1 e5 10. Re1 Bd6 11. d3 f5 12. a4 h6 13. Bd5 Nf6 14. Bc4 g5 15. Be3 Ng4 16. Bxd4 exd4 17. Be6 Bxh2+ 18. Kf1 Ne3+ 19. Rxe3 dxe3 20. Bxd7+ Rxd7 21. fxe3 f4 22. Qh5 Bg3 23. Ne4 Rf8 24. Ke2 Rdf7 25. Rf1 Bh4 26. exf4 Rf5 27. g3 gxf4 28. Qxh4 1-0

[Event "Kupreichik Memorial Open 2018"]
[Site "Minsk"]
[Date "2018.06.22"]
[Round "7"]
[White "Terletsky, Oleg"]
[Black "Kaliadzich, Maryia"]
[Result "1-0"]
[ECO "B33"]
[WhiteElo "2268"]
[BlackElo "2058"]
[Annotator "NA"]
[PlyCount "55"]
[EventDate "2018.06.21"]
[EventCountry "BLR"]
[SourceTitle "playchess.com"]
[Source "ChessBase"]
[SourceQuality "1"]
[TimeControl "900+10"]

1. e4 c5 2. Nf3 Nc6 3. d4 cxd4 4. Nxd4 e5 5. Nb5 d6 6. N1c3 Nf6 7. Bg5 a6 8. Na3 b5 9. Nd5 Be7 10. Bxf6 Bxf6 11. c3 O-O 12. Nc2 Bg5 13. a4 bxa4 14. Rxa4 a5 15. Bc4 Rb8 16. b3 Kh8 17. Nce3 f5 18. exf5 Bxf5 19. Nxf5 Rxf5 20. h4 Bxh4 21. g3 Bxg3 22. fxg3 Qg5 23. g4 Rff8 24. Rh5 Qd8 25. Qd3 h6 26. Qg6 Rb7 27. Bd3 e4 28. Bxe4 1-0

[Event "Kupreichik Memorial Open 2018"]
[Site "Minsk"]
[Date "2018.06.22"]
[Round "7"]
[White "Rakhmangulova, Anastasiya"]
[Black "Masjuk, Vladimir"]
[Result "1-0"]
[ECO "C50"]
[WhiteElo "2244"]
[BlackElo "1829"]
[Annotator "NA"]
[PlyCount "77"]
[EventDate "2018.06.21"]
[EventCountry "BLR"]
[SourceTitle "playchess.com"]
[Source "ChessBase"]
[SourceQuality "1"]
[TimeControl "900+10"]

1. e4 e5 2. Nf3 Nc6 3. Bc4 Bc5 4. d3 d6 5. c3 Nf6 6. Bb3 h6 7. O-O O-O 8. Nbd2 Bg4 9. Re1 b5 10. h3 Bd7 11. Nf1 Bb6 12. Ng3 a5 13. a4 b4 14. Rf1 Rb8 15. Be3 bxc3 16. bxc3 Ne7 17. Nh4 c6 18. Rb1 d5 19. Nh5 Ng6 20. Nxg6 fxg6 21. Nxf6+ Qxf6 22. Bxb6 Rxb6 23. exd5 Kh8 24. Bc4 Rxb1 25. Qxb1 Qg5 26. Qc1 Rf4 27. dxc6 Bxc6 28. f3 Bxa4 29. Qa3 Bd7 30. Qxa5 Rf8 31. Qc5 Rc8 32. f4 Qd8 33. Qxe5 Bf5 34. Rb1 Bxd3 35. Rb7 Qf8 36. Bxd3 Re8 37. Qd4 Rd8 38. Rd7 Re8 39. Bxg6 1-0